 Dungeon Crawl Stone Soup version 0.29-a0-91-gdebf4667c2 (webtiles) character file.

Game seed: 6400545135867037131

15879 YayAnonymity the Cleaver (level 12, -6/88 (97) HPs)
             Began as a Gnoll Berserker on Feb 7, 2022.
             Was a High Priest of Trog.
             Killed from afar by Josephine (8 damage)
             ... with a ghostly fireball
             ... on level 11 of the Dungeon.
             The game lasted 00:28:54 (13926 turns).

YayAnonymity the Cleaver (Gnoll Berserker)         Turns: 13926, Time: 00:28:55

HP:   -6/88 (97)    AC: 15    Str: 21    XL:     12   Next: 31%
MP:   22/22         EV:  9    Int:  7    God:    Trog [*****.]
Gold: 1452          SH: 15    Dex: 12    Spells: 25/25 levels left

rFire   + . .      SeeInvis .   b - +2 mace (holy)
rCold   . . .      Faith    .   v - +0 kite shield
rNeg    + . .      Spirit   .   B - +0 chain mail {rF+}
rPois   .          Reflect  +   z - +0 helmet
rElec   .          Harm     .   H - +0 cloak
rCorr   +          Rampage  .   (no gloves)
Will    .....                   n - +0 pair of boots
Stlth   ..........              q - amulet of reflection
HPRegen 0.24/turn               j - ring of resist corrosion
MPRegen 0.18/turn               t - ring of positive energy

@: slowed, drained, very slow
A: fangs 1, strong nose, distributed training
a: Renounce Religion, Berserk, Trog's Hand, Brothers in Arms


You were on level 11 of the Dungeon.
You worshipped Trog.
Trog was extremely pleased with you.
You visited 2 branches of the dungeon, and saw 12 of its levels.
You also visited: Bailey.

You collected 1452 gold pieces.

Inventory:

Hand Weapons
 a - the +9 dagger of Ponize {drain, Dex+7}
   (You found it on level 3 of the Dungeon)

   A truly terrible weapon, it drains the life of any living foe it strikes.
   Dex:       It affects your dexterity (+7).
 b - a +2 mace of holy wrath (weapon)
 T - a +3 shortbow of flaming
 V - a +4 scimitar of flaming
Missiles
 y - 275 stones
 G - 21 boomerangs (quivered)
 U - 2 silver boomerangs
Armour
 n - a +0 pair of boots (worn)
 v - a +0 kite shield (worn)
 z - a +0 helmet (worn)
 B - a +0 chain mail of fire resistance (worn)
 H - a +0 cloak (worn)
Jewellery
 j - a ring of resist corrosion (left hand)
 q - an amulet of reflection (around neck)
 t - a ring of positive energy (right hand)
 R - a ring of magical power
Wands
 o - a wand of charming (20)
 D - a wand of paralysis (14)
 I - a wand of digging (7)
 K - a wand of flame (16)
 L - a wand of acid (11)
 M - a wand of iceblast (7)
 O - a wand of polymorph (14)
Scrolls
 c - 2 scrolls of blinking
 f - 3 scrolls of fog
 h - 3 scrolls of magic mapping {unknown}
 l - 3 scrolls of brand weapon
 p - 4 scrolls of fear {unknown}
 r - 3 scrolls of teleportation {unknown}
 s - a scroll of amnesia {unknown}
 C - 2 scrolls of noise {unknown}
 E - 2 scrolls of silence {unknown}
 F - a scroll of acquirement {unknown}
 N - a scroll of enchant weapon {unknown}
 Q - a scroll of enchant armour
Potions
 d - 2 potions of haste
 e - 3 potions of brilliance
 g - 5 potions of curing
 i - 2 potions of lignification
 k - 3 potions of mutation {unknown}
 m - a potion of berserk rage
 u - 6 potions of flight
 w - 2 potions of invisibility
 x - 2 potions of cancellation {unknown}
 A - a potion of ambrosia {unknown}
 J - 2 potions of might
 P - 2 potions of heal wounds {unknown}
 S - 3 potions of degeneration {unknown}


   Skills:
 + Level 9.8 Fighting
 + Level 7.1 Short Blades
 + Level 7.1 Long Blades
 + Level 9.8 Axes
 + Level 7.1 Maces & Flails
 + Level 7.1 Polearms
 + Level 7.1 Staves
 + Level 7.1 Slings
 + Level 7.1 Bows
 + Level 7.1 Crossbows
 + Level 7.1 Throwing
 + Level 8.6 Armour
 + Level 8.6 Dodging
 + Level 7.1 Stealth
 + Level 7.1 Shields
 + Level 7.1 Unarmed Combat
 + Level 7.1 Spellcasting
 + Level 5.9 Conjurations
 + Level 5.9 Hexes
 + Level 5.9 Summonings
 + Level 5.9 Necromancy
 + Level 5.9 Translocations
 + Level 5.9 Transmutations
 + Level 5.9 Fire Magic
 + Level 5.9 Ice Magic
 + Level 5.9 Air Magic
 + Level 5.9 Earth Magic
 + Level 5.9 Poison Magic
 + Level 7.8 Invocations
 + Level 7.1 Evocations


You had 25 spell levels left.
You didn't know any spells.
Your spell library was empty.

Dungeon Overview and Level Annotations

Branches:
Dungeon (11/15)            Temple (1/1) D:7            Lair (0/6) D:8
 Bailey (visited)
    Orc: D:9-12

Altars:
Ashenzari
Cheibriados
Dithmenos
Elyvilon
Fedhas
Gozag
Hepliaklqana
Kikubaaqudgha
Makhleb
Nemelex Xobeh
Okawaru
Qazlal
Ru
Sif Muna
Trog
Uskayaw
Vehumet
Wu Jian
Xom
Yredelemnul
Zin
The Shining One

Shops:
D:1 (   D:3 [   D:6 [   D:11 (

Annotations:
D:8 2 transporters, Cecur's ghost, novice FoWn
D:11 Josephine


Innate Abilities, Weirdness & Mutations

You have very sharp teeth.
Your uncanny sense of smell can sniff out nearby items.
Your experience applies equally to all skills.


Message History

You closely miss the wraith.
The wraith is severely damaged.
You block the wraith's attack.
You thump the wraith!
The wraith convulses!
You destroy the wraith!
Trog accepts your kill.
Josephine the Decaying Necromancer comes into view.
She is wielding a +1 dagger of speed.
Josephine shouts!
You hit Josephine but do no damage. You block Josephine's attack.
Josephine hits you but does no damage.
Josephine hits you with a +1 dagger of speed!
You hit Josephine. You bite Josephine.
Josephine is lightly wounded.
Josephine barely misses you. Josephine casts a spell at you.
The ghostly flame explodes!
The ghostly fireball engulfs you! You partially resist.
You feel drained.
* * * LOW HITPOINT WARNING * * *
The ghostly fireball engulfs Josephine.
Josephine completely resists.
You sock Josephine!
Josephine is moderately wounded.
Josephine casts a spell at you.
The ghostly flame explodes!
The ghostly fireball engulfs you! You partially resist.
You feel drained.
* * * LOW HITPOINT WARNING * * *
The ghostly fireball engulfs Josephine.
Josephine completely resists.
Josephine hits you with a +1 dagger of speed.
* * * LOW HITPOINT WARNING * * *
Josephine hits you but does no damage.
You sock Josephine!
Josephine is moderately wounded.
Josephine points at you and mumbles some strange words.
The ghostly flame explodes!
The ghostly fireball engulfs you! You partially resist.
You feel drained.
* * * LOW HITPOINT WARNING * * *
The ghostly fireball engulfs Josephine.
Josephine completely resists.
Josephine casts a spell at you.
The ghostly flame explodes!
The ghostly fireball engulfs you! You partially resist.
You feel drained.
You die...

....######(.........###......>#
....#<...'..........'.#.......#
....#.####..........#.#.......#
....'.#
#..........#.........###
....###
#..........###.......#.. ....#
#..........# #.........# ....#
#..........# #.......### #'###
#######'#### #..[....# ..# #@#
###.##### ####### #@# #...#
......# ..# ######'## ......#
.### #.......# ......#
#####+### #.......# ......#
#.......# #.......#### ......#
#.......+ #.^.....'...
......###.......# #.......####
......'.).......# #.......#


You could see Josephine.

Vanquished Creatures
  3 two-headed ogres
  2 orc knights (Bailey)
  A cyclops (D:11)
  A manticore (D:11)
  Joseph (D:8)
  A kobold demonologist (D:10)
  Psyche (D:8)
  An efreet (D:11)
  A hornet (D:10)
  A troll (D:9)
  Sigmund (D:6)
  A shadow (D:10)
  21 yaks
  3 wraiths (D:11)
  Duvessa (D:6)
  A water moccasin (D:8)
  A hornet zombie (D:7)
  2 ice beasts (D:7)
  8 orc warriors
  A sky beast (D:7)
  The ghost of Cecur the Poker, an amateur TrWn (D:3)
  A black bear (D:5)
  6 ogres
  A necrophage (D:6)
  3 centaurs
  2 phantoms
  Blork the orc (D:6)
  2 kobold brigands (D:11)
  4 bullfrogs
  6 scorpions
  A gnoll sergeant (D:9)
  A wyvern zombie (D:3)
  2 wyvern skeletons
  A water moccasin zombie (D:6)
  Dowan (D:6)
  A water moccasin skeleton (D:5)
  6 howler monkeys
  23 killer bees
  4 wights (D:8)
  3 centaur zombies
  7 orc priests
  2 centaur skeletons (D:6)
  3 bullfrog skeletons
  4 hounds
  4 jellies
  4 iguanas
  11 orc wizards
  A killer bee zombie (D:6)
  A hound skeleton (D:4)
  A howler monkey zombie (D:7)
  11 gnolls
  2 howler monkey skeletons
  6 adders
  2 shadow imps
  A white imp (D:6)
  An ufetubus (D:3)
  An adder zombie (D:5)
  3 dart slugs
  48 orcs
  10 ball pythons
  6 bats (D:1)
  5 endoplasms
  3 giant cockroaches
  13 goblins
  13 hobgoblins
  4 jackals
  21 kobolds
  7 quokkas
  5 frilled lizards
  A quokka skeleton (D:4)
  4 rats
328 creatures vanquished.

Vanquished Creatures (collateral kills)
  2 killer bees (D:9)
2 creatures vanquished.

Grand Total: 330 creatures vanquished

Notes
Turn   | Place    | Note
-------+----------+-------------------------------------------
     0 | D:1      | YayAnonymity the Gnoll Berserker began the quest for the
                  | Orb.
     0 | D:1      | Reached XP level 1. HP: 23/23 MP: 1/1
   128 | D:1      | Reached XP level 2. HP: 28/29 MP: 2/2
   738 | D:1      | Found Reickeog's Antique Weapon Boutique.
   745 | D:1      | Reached XP level 3. HP: 29/35 MP: 3/3
   869 | D:1      | Reached ** piety under Trog
  1443 | D:2      | Reached skill level 1 in Invocations
  1895 | D:2      | Reached skill level 1 in Short Blades
  1895 | D:2      | Reached skill level 1 in Long Blades
  1895 | D:2      | Reached skill level 1 in Maces & Flails
  1895 | D:2      | Reached skill level 1 in Polearms
  1895 | D:2      | Reached skill level 1 in Staves
  1895 | D:2      | Reached skill level 1 in Slings
  1895 | D:2      | Reached skill level 1 in Bows
  1895 | D:2      | Reached skill level 1 in Crossbows
  1895 | D:2      | Reached skill level 1 in Throwing
  1895 | D:2      | Reached skill level 1 in Stealth
  1895 | D:2      | Reached skill level 1 in Shields
  1895 | D:2      | Reached skill level 1 in Unarmed Combat
  1895 | D:2      | Reached skill level 1 in Spellcasting
  1895 | D:2      | Reached skill level 1 in Evocations
  2068 | D:3      | Reached XP level 4. HP: 40/41 MP: 5/5
  2214 | D:3      | Reached skill level 1 in Conjurations
  2214 | D:3      | Reached skill level 1 in Hexes
  2214 | D:3      | Reached skill level 1 in Summonings
  2214 | D:3      | Reached skill level 1 in Necromancy
  2214 | D:3      | Reached skill level 1 in Translocations
  2214 | D:3      | Reached skill level 1 in Transmutations
  2214 | D:3      | Reached skill level 1 in Fire Magic
  2214 | D:3      | Reached skill level 1 in Ice Magic
  2214 | D:3      | Reached skill level 1 in Air Magic
  2214 | D:3      | Reached skill level 1 in Earth Magic
  2214 | D:3      | Reached skill level 1 in Poison Magic
  2377 | D:3      | Found a runed translucent gate.
  2377 | D:3      | Found a runed translucent gate.
  2377 | D:3      | Found a runed translucent gate.
  2385 | D:3      | Identified the +9 dagger of Ponize {drain, Dex+7}
  2392 | D:3      | Noticed Cecur's ghost (amateur TrWn)
  2460 | D:3      | Noticed a scorpion
  2472 | D:3      | Killed a scorpion
  2473 | D:3      | Reached XP level 5. HP: 47/47 MP: 5/7
  2500 | D:3      | Found Jefom's Armour Boutique.
  2599 | D:3      | Found a faded altar of an unknown god.
  2741 | D:3      | Reached *** piety under Trog
  2862 | D:3      | Reached XP level 6. HP: 53/53 MP: 8/8
  3293 | D:3      | Killed Cecur's ghost
  3294 | D:3      | Reached skill level 5 in Armour
  3294 | D:3      | Reached skill level 5 in Dodging
  3303 | D:3      | Reached XP level 7. HP: 6/59 MP: 8/10
  4130 | D:4      | Found a white marble altar of Elyvilon.
  4615 | D:5      | Entered Level 5 of the Dungeon
  4626 | D:5      | Noticed a two-headed ogre
  4974 | D:5      | Reached XP level 8. HP: 67/67 MP: 12/12
  5100 | D:5      | Found a bloodstained altar of Trog.
  5487 | D:5      | Reached **** piety under Trog
  5500 | D:5      | Reached XP level 9. HP: 73/73 MP: 14/14
  5577 | D:5      | Found a sacrificial altar of Ru.
  5577 | D:5      | Found a basalt altar of Yredelemnul.
  5798 | D:6      | Noticed Duvessa
  5798 | D:6      | Noticed Dowan
  5816 | D:6      | Killed Duvessa
  5825 | D:6      | Killed Dowan
  5832 | D:6      | Noticed Sigmund
  5988 | D:5      | Killed a two-headed ogre
  5989 | D:5      | Reached skill level 5 in Invocations
  6156 | D:6      | Killed Sigmund
  6325 | D:6      | Found a sparkling altar of Nemelex Xobeh.
  6424 | D:6      | Found Wicowis's Antique Armour Emporium.
  6433 | D:6      | Reached XP level 10. HP: 72/80 MP: 17/17
  6527 | D:6      | Found a blossoming altar of Fedhas.
  6528 | D:6      | Found an iron altar of Okawaru.
  6528 | D:6      | Found a burning altar of Makhleb.
  6873 | D:6      | Noticed Blork the orc
  6882 | D:6      | Killed Blork the orc
  6951 | D:7      | Reached skill level 5 in Short Blades
  6951 | D:7      | Reached skill level 5 in Long Blades
  6951 | D:7      | Reached skill level 5 in Maces & Flails
  6951 | D:7      | Reached skill level 5 in Polearms
  6951 | D:7      | Reached skill level 5 in Staves
  6951 | D:7      | Reached skill level 5 in Slings
  6951 | D:7      | Reached skill level 5 in Bows
  6951 | D:7      | Reached skill level 5 in Crossbows
  6951 | D:7      | Reached skill level 5 in Throwing
  6951 | D:7      | Reached skill level 5 in Stealth
  6951 | D:7      | Reached skill level 5 in Shields
  6951 | D:7      | Reached skill level 5 in Unarmed Combat
  6951 | D:7      | Reached skill level 5 in Spellcasting
  6951 | D:7      | Reached skill level 5 in Evocations
  7079 | D:7      | Found a staircase to the Ecumenical Temple.
  7091 | Temple   | Entered the Ecumenical Temple
  9019 | D:8      | Found a transporter.
  9305 | D:8      | Noticed Cecur's ghost (novice FoWn)
  9325 | D:8      | Found a transporter.
  9677 | D:8      | Noticed Psyche
  9685 | D:8      | Killed Psyche
  9686 | D:8      | Reached XP level 11. HP: 87/87 MP: 19/19
  9780 | D:8      | Found a staircase to the Lair.
  9835 | D:8      | Noticed Joseph
  9853 | D:8      | Killed Joseph
  9957 | D:8      | Found an ornate altar of the Wu Jian Council.
 10459 | D:9      | Reached skill level 5 in Conjurations
 10459 | D:9      | Reached skill level 5 in Hexes
 10459 | D:9      | Reached skill level 5 in Summonings
 10459 | D:9      | Reached skill level 5 in Necromancy
 10459 | D:9      | Reached skill level 5 in Translocations
 10459 | D:9      | Reached skill level 5 in Transmutations
 10459 | D:9      | Reached skill level 5 in Fire Magic
 10459 | D:9      | Reached skill level 5 in Ice Magic
 10459 | D:9      | Reached skill level 5 in Air Magic
 10459 | D:9      | Reached skill level 5 in Earth Magic
 10459 | D:9      | Reached skill level 5 in Poison Magic
 10809 | D:9      | Noticed a two-headed ogre
 10816 | D:9      | Killed a two-headed ogre
 11589 | D:10     | Entered Level 10 of the Dungeon
 12044 | D:10     | Found a flagged portal.
 12068 | Bailey   | Entered a bailey
 12107 | Bailey   | Noticed an orc knight
 12147 | Bailey   | Noticed an orc knight
 12166 | Bailey   | Killed an orc knight
 12389 | Bailey   | Killed an orc knight
 12404 | Bailey   | Reached ***** piety under Trog
 13126 | D:11     | Reached XP level 12. HP: 90/96 MP: 22/22
 13685 | D:11     | Found a bloodstained altar of Trog.
 13757 | D:11     | Found Ameq's Weapon Boutique.
 13757 | D:11     | Noticed a two-headed ogre
 13774 | D:11     | Killed a two-headed ogre
 13922 | D:11     | Noticed Josephine
 13926 | D:11     | HP: 2/90 [Josephine/ghostly fireball (8)]
 13926 | D:11     | Killed from afar by Josephine

Illustrated notes

Levels and vault maps discovered:
D:1:      minmay_arrival_four_loops, layout_basic, serial_shops,
          nicolae_shop_waterfront
D:2:      layout_loops_ring, serial_rivers, chequers_serial_rivers_small_3,
          chequers_serial_rivers_micro_d, chequers_serial_rivers_micro_a,
          chequers_serial_rivers_room_a, chequers_serial_rivers_small_a
D:3:      layout_basic, serial_shops, shop_statue,
          hellmonk_ecumenical_altar_leap_of_faith, gammafunk_ghost_necromancy,
          minmay_misc_feat_x, dk_noncrumbling_3
D:4:      layout_basic, elyvilon_altar_4
D:5:      minmay_opposing_rooms, layout_cave_pools,
          mainiacjoe_overflow_concentric_impassable,
          gammafunk_temple_overflow_pools
D:6:      layout_cave_pools, mainiacjoe_overflow_alcove_2,
          chequers_temple_overflow_statue_of_worship, moated_statue,
          kennysheep_diamond, uniq_duvessa, uniq_sigmund, uniq_blork_the_orc
D:7:      layout_basic, temple_hall
D:8:      layout_basic, nicolae_wu_jian_glorious_leap, lair_entry_dummy,
          gammafunk_ghost_stat_death, serial_rivers,
          chequers_serial_rivers_room_b, chequers_serial_rivers_micro_a,
          chequers_serial_rivers_micro_e, chequers_serial_rivers_room_b,
          uniq_psyche, uniq_joseph
D:9:      minmay_distorted_concentric_squares, layout_grid_maze
D:10:     layout_loops_cross, enter_bailey_4, minivault_5,
          eino_small_chamber_without_monster, minivault_14
D:11:     layout_roguey, serial_shops, shop, trog_antimagical, uniq_josephine
Temple:   nicolae_temple_figure_eight

Skill      XL: |  1  2  3  4  5  6  7  8  9 10 11 12 |
---------------+-------------------------------------+-----
Invocations    | 1 2 3 4 5 6 7 |  7.8
Short Blades   | 1 2 3 4 5 6 7 |  7.1
Long Blades    | 1 2 3 4 5 6 7 |  7.1
Maces & Flails | 1 2 3 4 5 6 7 |  7.1
Polearms       | 1 2 3 4 5 6 7 |  7.1
Staves         | 1 2 3 4 5 6 7 |  7.1
Slings         | 1 2 3 4 5 6 7 |  7.1
Bows           | 1 2 3 4 5 6 7 |  7.1
Crossbows      | 1 2 3 4 5 6 7 |  7.1
Throwing       | 1 2 3 4 5 6 7 |  7.1
Stealth        | 1 2 3 4 5 6 7 |  7.1
Shields        | 1 2 3 4 5 6 7 |  7.1
Unarmed Combat | 1 2 3 4 5 6 7 |  7.1
Spellcasting   | 1 2 3 4 5 6 7 |  7.1
Evocations     | 1 2 3 4 5 6 7 |  7.1
Conjurations   | 1 2 3 4 5 |  5.9
Hexes          | 1 2 3 4 5 |  5.9
Summonings     | 1 2 3 4 5 |  5.9
Necromancy     | 1 2 3 4 5 |  5.9
Translocations | 1 2 3 4 5 |  5.9
Transmutations | 1 2 3 4 5 |  5.9
Fire Magic     | 1 2 3 4 5 |  5.9
Ice Magic      | 1 2 3 4 5 |  5.9
Air Magic      | 1 2 3 4 5 |  5.9
Earth Magic    | 1 2 3 4 5 |  5.9
Poison Magic   | 1 2 3 4 5 |  5.9
Armour         | 5 6 7 8 |  8.6
Dodging        | 5 6 7 8 |  8.6
Fighting       | 7 8 9 |  9.8
Axes           | 7 8 9 |  9.8

Action                   |  1- 3 |  4- 6 |  7- 9 | 10-12 || total
-------------------------+-------+-------+-------+-------++-------
Melee: Hand axe          |    83 |       |       |       ||    83
       Bite              |    10 |     9 |    32 |    94 ||   145
       Whip              |    20 |    27 |    42 |       ||    89
       Dagger            |       |    78 |   219 |   605 ||   902
       Punch             |       |     1 |       |       ||     1
       Mace              |       |       |       |   130 ||   130
       Unarmed           |       |       |       |     9 ||     9
Invok: Berserk           |       |     1 |     4 |    15 ||    20
       Trog's Hand       |       |       |     1 |       ||     1
       Brothers in Arms  |       |       |       |     1 ||     1
Evoke: Wand              |       |       |       |     5 ||     5
  Use: Scroll            |       |       |     8 |     3 ||    11
 Stab: Sleeping          |     1 |     1 |     2 |       ||     4
Armor: Animal skin       |     8 |       |       |       ||     8
       Ring mail         |    19 |    26 |    30 |       ||    75
       Chain mail        |       |       |    61 |   204 ||   265
       Skin              |       |       |       |     2 ||     2
Dodge: Dodged            |    67 |    44 |    81 |   175 ||   367
Block: Kite shield       |       |       |   151 |   481 ||   632
       Other             |       |       |    14 |     1 ||    15
       Reflection        |       |       |       |    31 ||    31

Table legend: (Time is in decaauts)
 A = Elapsed time spent in this place.
 B = Non-inter-level travel time spent in this place.
 C = Inter-level travel time spent in this place.
 D = Time resting spent in this place.
 E = Time spent auto-exploring this place.
 F = Levels seen in this place.
 G = Mean time per level.
                   A        B        C        D        E       F      G
               +--------+--------+--------+--------+--------+-----+--------+
         Total |  14100 |  13196 |    904 |   1979 |   7493 |  13 | 1084.6 |
       Dungeon |  13240 |  12354 |    886 |   1770 |   7279 |  11 | 1203.6 |
        Temple |    207 |    189 |     18 |      0 |    188 |   1 |  207.0 |
        Bailey |    652 |    652 |      0 |    208 |     26 |   1 |  652.0 |
               +--------+--------+--------+--------+--------+-----+--------+

Top non-repeatable levels by time:
     D:8: 1850 daAuts
     D:3: 1587 daAuts
     D:7: 1330 daAuts
     D:9: 1283 daAuts
     D:5: 1203 daAuts
     D:1: 1138 daAuts
     D:4: 1058 daAuts
     D:6: 1042 daAuts
     D:2: 986 daAuts
    D:10: 968 daAuts
    D:11: 791 daAuts
  Bailey: 652 daAuts
  Temple: 207 daAuts
